 Dungeon Crawl Stone Soup version 0.32-a0-418-g34023cf50c (webtiles) character file.

Game seed: 16177637877509982494

759 fettaberfit the Magician (level 7, -5/36 HPs)
             Began as a Deep Elf Earth Elementalist on Feb 21, 2024.
             Was a Follower of Elyvilon.
             Slain by an ice beast (7 damage)
             ... on level 5 of the Dungeon.
             The game lasted 00:38:49 (4500 turns).

fettaberfit the Magician (DEEE)                     Turns: 4500, Time: 00:38:49

Health: -5/36      AC:  3    Str:  5    XL:     7   Next: 50%
Magic:  12/20      EV: 13    Int: 22    God:    Elyvilon [*.....]
Gold:   230        SH:  0    Dex: 15    Spells: 7/21 levels left

rFire   . . .        h - +1 dagger (venom)
rCold   . . .        (no shield)
rNeg    . . .        o - +0 robe
rPois   .            (no helmet)
rElec   .            (no cloak)
rCorr   .            p - +0 pair of gloves
SInv    .            (no boots)
Will    .....        E - amulet of faith
Stlth   ++           (no ring)
HPRegen 0.26/turn    (no ring)
MPRegen 0.17/turn

%: faith
@: no status effects
A: no striking features
a: Renounce Religion, Purification


You were on level 5 of the Dungeon.
You worshipped Elyvilon.
Elyvilon was aware of your devotion.
You visited 2 branches of the dungeon, and saw 6 of its levels.

You collected 230 gold pieces.

Inventory:

Hand Weapons
 h - a +1 dagger of venom (weapon)
 u - a +0 dagger
 F - a +2 short sword of draining
Missiles
 c - 55 stones
 f - 17 poisoned darts
 r - 11 boomerangs
Armour
 a - a +0 robe
 m - a +0 barding
 o - a +0 robe (worn)
 p - a +0 pair of gloves (worn)
Jewellery
 E - an amulet of faith (around neck)
Wands
 t - a wand of flame (16)
 C - a wand of charming (14)
Scrolls
 g - a scroll of fog {unknown}
 i - 3 scrolls of teleportation {unknown}
 k - 5 scrolls of identify {unknown}
 l - a scroll of fear {unknown}
 n - a scroll of butterflies {unknown}
 q - a scroll of enchant armour {unknown}
 y - a scroll of amnesia {unknown}
 A - a scroll of vulnerability {unknown}
 B - a scroll of enchant weapon {unknown}
Potions
 b - a potion of magic
 d - 2 potions of curing {unknown}
 e - 3 potions of haste {unknown}
 j - 2 potions of resistance {unknown}
 s - a potion of enlightenment {unknown}
 v - a potion of berserk rage {unknown}
 w - a potion of mutation {unknown}
 x - 2 potions of cancellation {unknown}
 z - a potion of brilliance {unknown}


   Skills:
 + Level 0.2 Fighting
 + Level 1.1 Short Blades
 + Level 2.7 Dodging
 + Level 3.2 Stealth
 + Level 7.9 Spellcasting
 + Level 2.3 Conjurations
 + Level 0.5 Air Magic
 + Level 6.5 Earth Magic
 + Level 0.2 Alchemy


You had 7 spell levels left.
You knew the following spells:

 Your Spells              Type           Power      Damage    Failure   Level
a - Sandblast             Erth           74%        2d16      1%          1
b - Mephitic Cloud        Conj/Alch/Air  13%        N/A       14%         3
c - Passwall              Erth           37%        N/A       1%          3
d - Stone Arrow           Conj/Erth      56%        3d10      3%          3
e - Brom's Barrelling Bo  Conj/Erth      28%        2d5       12%         4

Your spell library contained the following spells:

 Spells                   Type           Power      Damage    Failure   Level
 Sting                    Conj/Alch      56%        1d6       4%          1
 Mercury Vapours          Alch/Air       20%        N/A       10%         2
 Dazzling Flash           Conj/Hex       26%        N/A       14%         3
 Petrify                  Alch/Erth      23%        N/A       19%         4
 Olgreb's Toxic Radiance  Alch           9%         N/A       56%         4
 Silence                  Hex/Air        4%         N/A       88%         5
 Curse of Agony           Necr           8%         N/A       91%         5


Dungeon Overview and Level Annotations

Branches:
Dungeon (5/15)             Temple (1/1) D:4

Altars:
Cheibriados
Dithmenos
Elyvilon
Fedhas
Gozag
Hepliaklqana
Makhleb
Nemelex Xobeh
Qazlal
Ru
Sif Muna
Trog
Uskayaw
Vehumet
Wu Jian
Xom
Yredelemnul
Zin

Shops:
D:1 !


Message History

You send a boulder barrelling forward!
Unknown command.
The ice beast hits your boulder. The ice beast freezes your boulder.
Your boulder resists.
Unknown command.
The boulder barrels into the ice beast!
The ice beast is moderately wounded.
The ice beast is knocked back.
The boulder barrels into the ice beast!
The ice beast is heavily wounded.
The ice beast is knocked back.
Your boulder crumbles as it rolls away.
Casting: Brom's Barrelling Boulder (quite dangerous; 12% risk of failure)
Confirm with . or Enter, or press ? or * to list all spells.
You don't know that spell.
Unknown command.
Casting: Brom's Barrelling Boulder (quite dangerous; 12% risk of failure)
Confirm with . or Enter, or press ? or * to list all spells.
Aiming: Brom's Barrelling Boulder (quite dangerous; 12% risk of failure)
Press: ? - help, Dir - move target, f/p - ice beast
Aim: an ice beast (heavily wounded, 100% to hit)
You send a boulder barrelling forward!
Unknown command.
Your boulder crumbles as it rolls away.
The ice beast attacks as it pursues you!
The ice beast hits you. The ice beast freezes you!
* * * LOW HITPOINT WARNING * * *
Casting: Brom's Barrelling Boulder (quite dangerous; 12% risk of failure)
Confirm with . or Enter, or press ? or * to list all spells.
Okay, then.
Casting: Brom's Barrelling Boulder (quite dangerous; 12% risk of failure)
Confirm with . or Enter, or press ? or * to list all spells.
Aiming: Sandblast (safe; 1% risk of failure)
Press: ? - help, Shift-Dir - straight line, f/p - ice beast
Aim: an ice beast (heavily wounded, 84% to hit)
The blast of sand hits the ice beast!
The ice beast is severely wounded.
The ice beast hits you.
* * * LOW HITPOINT WARNING * * *
The ice beast freezes you!
You die...

#..)## #.#.....#
#)#..#### #.#######
######.##)...# #.#
##...#.).####.# #.#
#.........###..##.#
...........###.##.#
...........# #..#○#
...........####.Y.#
#............##.@##
##...#...###.##...#
######### #..#.#.#
##.....# #..#####
#.## #.# #.# #.#


You could see an ice beast.

Vanquished Creatures
  A water moccasin (D:5)
  An ogre (D:5)
  A phantom (D:4)
  A bombardier beetle (D:4)
  2 jellies (D:4)
  An orc priest (D:5)
  Jessica (D:2)
  Natasha (thrice) (D:4)
  An orc wizard (D:3)
  Robin (D:3)
  6 adders
  2 ufetubi (D:5)
  4 dart slugs
  2 ribbon worms
  10 orcs
  3 bats
  3 endoplasms
  3 giant cockroaches
  14 goblins
  7 hobgoblins
  4 jackals (D:1)
  10 kobolds
  2 quokkas
  6 ball pythons
  A frilled lizard (D:3)
  3 rats
93 creatures vanquished.

Notes
Turn   | Place    | Note
-------+----------+-------------------------------------------
     0 | D:1      | fettaberfit the Deep Elf Earth Elementalist began the quest
                  | for the Orb.
     0 | D:1      | Reached XP level 1. HP: 10/10 MP: 6/6
   205 | D:1      | Reached XP level 2. HP: 15/15 MP: 6/8
   299 | D:1      | Found Kefoonoc's Distillery.
   885 | D:1      | Reached XP level 3. HP: 16/19 MP: 7/10
  1213 | D:2      | Reached skill level 4 in Spellcasting
  1321 | D:2      | Learned a level 3 spell: Mephitic Cloud
  1325 | D:2      | Learned a level 3 spell: Passwall
  1329 | D:2      | Learned a level 3 spell: Stone Arrow
  1567 | D:2      | Reached XP level 4. HP: 24/24 MP: 10/12
  1710 | D:2      | Noticed Jessica
  1716 | D:2      | Killed Jessica
  1717 | D:2      | Reached skill level 5 in Earth Magic
  2258 | D:3      | Noticed Robin
  2266 | D:3      | Reached skill level 5 in Spellcasting
  2267 | D:3      | Reached XP level 5. HP: 26/28 MP: 1/14
  2276 | D:3      | Killed Robin
  2479 | D:3      | Learned a level 4 spell: Brom's Barrelling Boulder
  3028 | D:4      | Found a staircase to the Ecumenical Temple.
  3040 | Temple   | Entered the Ecumenical Temple
  3177 | Temple   | Became a worshipper of Elyvilon the Healer
  3267 | D:4      | Reached XP level 6. HP: 32/32 MP: 14/16
  3364 | D:4      | Reached skill level 6 in Spellcasting
  3530 | D:4      | Noticed Natasha
  3536 | D:4      | Killed Natasha
  3596 | D:4      | Found a snail-covered altar of Cheibriados.
  3716 | D:4      | Noticed Natasha
  3725 | D:4      | Killed Natasha
  3801 | D:4      | Noticed Natasha
  3811 | D:4      | Killed Natasha
  3837 | D:4      | Reached * piety under Elyvilon
  3863 | D:4      | Elyvilon protects you from harm!
  3864 | D:4      | Reached skill level 7 in Spellcasting
  4261 | D:5      | Entered Level 5 of the Dungeon
  4265 | D:5      | Reached XP level 7. HP: 35/36 MP: 16/19
  4298 | D:5      | Reached skill level 1 in Short Blades
  4500 | D:5      | Slain by an ice beast

Illustrated notes

Levels and vault maps discovered:
D:1:      dpeg_arrival_simpleton_a, layout_basic, serial_shops,
          nicolae_shop_waterfront
D:2:      layout_loops_cross, uniq_jessica
D:3:      layout_basic, uniq_robin
D:4:      layout_cave_pools, mainiacjoe_overflow_surrounded_room,
          minmay_temple_entry_waves, amcnicky_mini_rare_corridor_liquid,
          uniq_natasha
D:5:      layout_rooms
Temple:   minmay_temple_bridge_d

Skill      XL: |  1  2  3  4  5  6  7 |
---------------+----------------------+-----
Earth Magic    | 4 5 6 |  6.5
Spellcasting   | 4 5 7 |  7.9
Conjurations   | 2 |  2.3
Stealth        | 3 |  3.2
Short Blades   | 1 |  1.1
Fighting       | |  0.2
Dodging        | |  2.7
Air Magic      | |  0.5
Alchemy        | |  0.2

Action                     |  1- 3 |  4- 6 |  7- 9 || total
---------------------------+-------+-------+-------++-------
  Melee: Dagger            |     1 |    24 |       ||    25
   Cast: Sandblast         |    35 |    60 |    17 ||   112
         Stone Arrow       |       |     5 |       ||     5
         Mephitic Cloud    |       |     3 |     1 ||     4
         Brom's Barrelling |       |     1 |     2 ||     3
    Use: Scroll            |       |     1 |     1 ||     2
 Armour: Robe              |    16 |    41 |     9 ||    66
  Dodge: Dodged            |    25 |    42 |     5 ||    72

Table legend: (Time is in decaauts)
 A = Elapsed time spent in this place.
 B = Non-inter-level travel time spent in this place.
 C = Inter-level travel time spent in this place.
 D = Time resting spent in this place.
 E = Time spent auto-exploring this place.
 F = Levels seen in this place.
 G = Mean time per level.
                   A        B        C        D        E       F      G
               +--------+--------+--------+--------+--------+-----+--------+
         Total |   4554 |   4551 |      3 |    747 |    114 |   6 |  759.0 |
       Dungeon |   4337 |   4334 |      3 |    747 |    114 |   5 |  867.4 |
        Temple |    216 |    216 |      0 |      0 |      0 |   1 |  216.0 |
               +--------+--------+--------+--------+--------+-----+--------+

Top non-repeatable levels by time:
     D:1: 1241 daAuts
     D:2: 1039 daAuts
     D:4: 1038 daAuts
     D:3: 769 daAuts
     D:5: 247 daAuts
  Temple: 216 daAuts
